 Dungeon Crawl Stone Soup version 0.19-a0-922-gae50766 (webtiles) character file.

1078 Arkorax the Skirmisher (level 8, -2/65 HPs)
             Began as a Formicid Berserker on July 6, 2016.
             Was an Elder of Trog.
             Killed by divine providence
             ... invoked by an orc priest
              (13 damage)
             ... on level 6 of the Dungeon.
             The game lasted 00:08:03 (6042 turns).

Arkorax the Skirmisher (Formicid Berserker)         Turns: 6042, Time: 00:08:04

Health: -2/65      AC:  8    Str: 24    XL:     8   Next: 54%
Magic:  8/8        EV: 10    Int:  7    God:    Trog [****..]
Gold:   356        SH:  4    Dex: 10    Spells: 0 memorised, 7 levels left

rFire  . . .     SeeInvis +     l - +0 trident
rCold  . . .     Gourm    +     y - +0 scale mail
rNeg   . . .     Faith    .     p - +0 buckler
rPois  .         Spirit   .     (helmet unavailable)
rElec  .         Dismiss  .     (no cloak)
rCorr  .         Reflect  .     d - +0 pair of gloves
SustAt .         Harm     .     (no boots)
MR     .....                    o - amulet of the gourmand
Stlth  ..........               (no ring)
                                (no ring)

@: not resistant to hostile enchantments, extremely unstealthy
A: permanent stasis, dig shafts and tunnels, four strong arms, antennae 3
a: Dig, Shaft Self, Trog's Hand, Brothers in Arms, Burn Spellbooks, Renounce
Religion


You were on level 6 of the Dungeon.
You worshipped Trog.
Trog was greatly pleased with you.
You were very full.

You visited 1 branch of the dungeon, and saw 6 of its levels.

You collected 356 gold pieces.

Inventory:

Hand Weapons
 a - a +0 spear
 l - a +0 trident (weapon)
Armour
 d - a +0 pair of gloves (worn)
 p - a +0 buckler (worn)
 y - a +0 scale mail (worn)
Jewellery
 o - an amulet of the gourmand (around neck)
Wands
 r - a wand of slowing (35/48)
Scrolls
 c - a scroll of fog {unknown}
 e - 3 scrolls of blinking {unknown}
 f - 2 scrolls of enchant armour {unknown}
 i - a scroll of teleportation {unknown}
 j - 5 scrolls of remove curse {unknown}
 k - 6 scrolls of identify {unknown}
 m - 2 scrolls of magic mapping {unknown}
 n - 2 scrolls of enchant weapon {unknown}
 t - a scroll of amnesia {unknown}
 v - 5 scrolls of random uselessness {unknown}
 D - a scroll of recharging {unknown}
Potions
 b - a potion of beneficial mutation {unknown}
 q - 2 potions of flight {unknown}
 s - 2 potions of heal wounds {unknown}
 z - a potion of cure mutation {unknown}
 A - a potion of agility
 B - a potion of might {unknown}
Comestibles
 g - 3 meat rations
 h - a slice of pizza
 u - a bread ration
 w - a beef jerky
 x - 3 fruits


   Skills:
 * Level 6.7 Fighting
 * Level 6.3 Polearms
 + Level 5.0 Armour
 - Level 1.7 Dodging
 - Level 4.0 Shields


You had 7 spell levels left.
You didn't know any spells.

Dungeon Overview and Level Annotations

Branches:
Dungeon (6/15)             Temple (0/1) D:6

Altars:
Cheibriados
Fedhas
Qazlal
Sif Muna
Trog
Vehumet
The Shining One

Shops:
D:5 ?


Innate Abilities, Weirdness & Mutations

You are under a permanent stasis effect.
You can dig through walls and to a lower floor.
Your four strong arms can wield two-handed weapons with a shield.
You have a pair of large antennae on your head. (SInv)


Message History

The orc wizard casts a spell at you. The magic dart hits you!
The orc priest hits you but does no damage.
You hit the orc priest but do no damage.
The orc priest is heavily wounded.
The orc wizard casts a spell at you. The puff of frost hits you!
The orc priest closely misses you.
You puncture the orc priest!
The orc priest is almost dead.
The orc wizard casts a spell at you. The puff of flame misses you.
The orc priest invokes the aid of Beogh against you.
Beogh smites you!
* * * LOW HITPOINT WARNING * * *
You closely miss the orc priest.
The orc priest is almost dead.
The orc wizard miscasts a cantrip.
The orc priest mumbles some strange prayers to Beogh against you.
Beogh smites you!
You die...

#### #..# #<.#
#..# #..########
#.........#
#...>.....# {
{#......o.)#
#......o@.#
#####..####
#.####.##
..{##..# #..##.#
.## ##.##(#####
.o{..#.........#
#.{.{.......#
###.........#


You could see an orc priest and an orc wizard.

Vanquished Creatures
  A sky beast (D:5)
  2 ogres (D:5)
  A centaur (D:5)
  A scorpion (D:5)
  2 giant frog skeletons (D:5)
  2 orc priests
  A hound (D:5)
  5 orc wizards
  4 worker ants
  An iguana (D:4)
  A hound skeleton (D:3)
  A howler monkey skeleton (D:3)
  11 adders
  2 river rats (D:3)
  A shadow imp (D:5)
  An ooze (D:1)
  2 adder skeletons
  4 worms
  A dart slug (D:1)
  3 giant geckos
  14 orcs
  3 ball pythons
  5 bats
  8 giant cockroaches
  5 goblins
  6 hobgoblins
  15 jackals
  13 kobolds
  A ball python skeleton (D:3)
  4 giant newts
  A jackal zombie (D:3)
  A quokka skeleton (D:4)
  A quokka zombie (D:3)
  12 rats
136 creatures vanquished.

Notes
Turn   | Place    | Note
-------+----------+-------------------------------------------
     0 | D:1      | Arkorax the Formicid Berserker began the quest for the Orb.
     0 | D:1      | Reached XP level 1. HP: 18/18 MP: 1/1
   279 | D:1      | Reached XP level 2. HP: 24/24 MP: 2/2
   628 | D:1      | Reached XP level 3. HP: 30/30 MP: 3/3
   650 | D:1      | Reached ** piety under Trog
  1337 | D:2      | Reached XP level 4. HP: 25/37 MP: 4/4
  1775 | D:3      | Reached XP level 5. HP: 29/43 MP: 5/5
  2239 | D:3      | Found a glowing drain.
  2284 | D:3      | Found a deep blue altar of Sif Muna.
  2285 | D:3      | Found a snail-covered altar of Cheibriados.
  2285 | D:3      | Found a blossoming altar of Fedhas.
  2285 | D:3      | Found a bloodstained altar of Trog.
  2285 | D:3      | Found a radiant altar of Vehumet.
  2290 | D:3      | Found a stormy altar of Qazlal.
  2291 | D:3      | Found a glowing golden altar of the Shining One.
  2341 | D:3      | Reached *** piety under Trog
  2503 | D:3      | Reached XP level 6. HP: 41/50 MP: 6/6
  2607 | D:3      | Reached skill level 5 in Fighting
  2918 | D:3      | Found a faded altar of an unknown god.
  2949 | D:3      | Reached skill level 5 in Polearms
  2967 | D:3      | Reached skill level 1 in Shields
  3627 | D:4      | Reached XP level 7. HP: 37/56 MP: 7/7
  3628 | D:4      | Reached **** piety under Trog
  5101 | D:5      | Entered Level 5 of the Dungeon
  5287 | D:5      | Found Kucul's Magic Scroll Shoppe.
  5329 | D:5      | Reached XP level 8. HP: 64/64 MP: 8/8
  5860 | D:5      | Reached skill level 5 in Armour
  5992 | D:6      | Found a staircase to the Ecumenical Temple.
  6042 | D:6      | Killed from afar by an orc priest

Vault maps used:
D:1:      mainiacjoe_arrival_reflecting_pool
D:3:      grunt_temple_overflow_open, portal_sewer_entry_e, ecumenical_altar_1,
          serial_undead, serial_undead_f, serial_undead_b, serial_undead_a,
          serial_undead_d, serial_undead_f, serial_undead_d, serial_undead_e
D:4:      first_bread, minmay_statues_item
D:5:      serial_shops, shop
D:6:      lemuel_zombie_altar_yredelemnul, okawaru_gym_becter, uniq_duvessa,
          uniq_eustachio

Skill      XL: |  1  2  3  4  5  6  7  8 |
---------------+-------------------------+-----
Polearms       | 4 5 6 |  6.3
Fighting       | 4 5 6 |  6.7
Armour         | 3 4 5 |  5.0
Shields        | 1 3 4 |  4.0
Dodging        | |  1.7

Action                   |  1- 3 |  4- 6 |  7- 9 || total
-------------------------+-------+-------+-------++-------
Melee: Spear             |   139 |   236 |       ||   375
       Trident           |       |    88 |   192 ||   280
Invok: Trog's Hand       |       |     2 |       ||     2
Evoke: Wand              |       |       |     1 ||     1
  Use: Potion            |       |     1 |       ||     1
  Eat: Bread ration      |     1 |       |       ||     1
       Chunk             |       |     2 |    20 ||    22
       Meat ration       |       |     1 |       ||     1
Armor: Animal skin       |    18 |    61 |       ||    79
       Scale mail        |       |       |    46 ||    46
Dodge: Dodged            |    54 |   184 |    81 ||   319
Block: Buckler           |       |    17 |    21 ||    38
